 Dungeon Crawl Stone Soup version 0.17.1-3-g152610e (webtiles) character file.

490 buf2 the Bolt Thrower (level 6, -3/41 HPs)
             Began as a High Elf Hunter on Apr 27, 2016.
             Slain by Sigmund
             ... wielding a +0 scythe
              (8 damage)
             ... on level 4 of the Dungeon.
             The game lasted 00:25:06 (5094 turns).

buf2 the Bolt Thrower (High Elf Hunter)             Turns: 5094, Time: 00:25:07

Health: -3/41      AC:  8    Str: 17    XL:     6   Next: 90%
Magic:  7/7        EV: 11    Int: 17    God:
Gold:   139        SH:  0    Dex: 15    Spells: 0 memorised, 5 levels left

rFire  . . .     SeeInvis .     b - +0 short sword
rCold  + . .     Clarity  .     o - +2 scale mail
rNeg   . . .     SustAt   .     (no shield)
rPois  .         Gourm    .     (no helmet)
rElec  .         Spirit   .     (no cloak)
rCorr  .         Warding  .     (no gloves)
rMut   .         Stasis   .     (no boots)
MR     .....                    (no amulet)
Stlth  +.........               (no ring)
                                j - ring of protection from cold

@: mighty, not resistant to hostile enchantments, very unstealthy
A: no striking features
a: no special abilities


You were on level 4 of the Dungeon.
You were not hungry.

You visited 1 branch of the dungeon, and saw 4 of its levels.

You collected 139 gold pieces.

Inventory:

Hand Weapons
 a - a +1 hand crossbow
 b - a +0 short sword (weapon)
 h - a +0 whip
 k - a +0 trident
 r - a +0 spear
 w - a cursed -3 hunting sling
Missiles
 d - 68 bolts
 f - 2 javelins of returning
 i - 51 stones (quivered)
 t - 9 sling bullets
 u - 15 arrows
Armour
 c - a +1 leather armour
 n - a +0 scale mail
 o - a +2 scale mail (worn)
 q - a +0 cloak
Jewellery
 j - a ring of protection from cold (left hand)
 m - an uncursed ring of protection from magic {unknown}
 y - an uncursed ring of protection from cold
Scrolls
 g - 2 scrolls of noise
Potions
 v - a potion of flight {unknown}
Comestibles
 e - 2 bread rations
 l - 2 meat rations
 x - a fruit


   Skills:
 + Level 2.6 Fighting
 + Level 2.5 Short Blades
 + Level 6.2 Crossbows
 + Level 3.0 Armour
 + Level 3.4 Dodging
 + Level 1.8 Stealth


You had 5 spell levels left.
You didn't know any spells.

Dungeon Overview and Level Annotations

Branches:
Dungeon (4/15)
 Temple: D:4-7

Altars:
Trog

Shops:
D:4 :

Annotations:
D:4 Sigmund


Message History

You hit the worker ant but do no damage.
The worker ant bites you but does no damage.
Drink which item? (? for menu, Esc to quit)
It was a potion of might.
You feel very mighty all of a sudden. The worker ant barely misses you.
Something hits you but does no damage.
You puncture the worker ant!
The worker ant is heavily wounded.
The worker ant barely misses you. Something completely misses you.
The worker ant misses you.
You puncture the worker ant!
The worker ant is almost dead.
The worker ant bites you.
* * * LOW HITPOINT WARNING * * *
Read which item? (? for menu, Esc to quit)
Enchant which item? (? for menu, Esc to quit)
As you read the scroll of enchant armour, it crumbles to dust.
Your +1 scale mail glows green for a moment.
Something hits you!
You die...

####..≈8≈..###'####
.......≈...........
...................
...................
#
###.###'#####....##
###.####.##...#
#....#
.$............#
.......
.........{....#
.......
......a@....$.#
........
..............#
........
..............#
###############


You could see a worker ant.

Vanquished Creatures
  Grinder (D:3)
  A scorpion (D:4)
  Ijyb (D:2)
  A worker ant (D:4)
  2 iguanas
  7 adders
  2 oozes
  5 giant geckos
  An orc (D:3)
  A ball python (D:1)
  4 giant cockroaches
  8 goblins
  8 hobgoblins
  2 quokkas
  4 bats
  5 giant newts
  6 jackals
  9 kobolds
  5 rats
73 creatures vanquished.

Notes
Turn   | Place    | Note
--------------------------------------------------------------
     0 | D:1      | buf2 the High Elf Hunter began the quest for the Orb.
     0 | D:1      | Reached XP level 1. HP: 14/14 MP: 2/2
   378 | D:1      | Reached XP level 2. HP: 19/19 MP: 3/3
  1264 | D:1      | Reached XP level 3. HP: 24/24 MP: 4/4
  1300 | D:2      | Noticed Ijyb
  1338 | D:2      | Killed Ijyb
  1338 | D:2      | Reached skill level 5 in Crossbows
  1338 | D:2      | Reached skill level 1 in Armour
  1606 | D:2      | Reached XP level 4. HP: 29/29 MP: 5/5
  2004 | D:2      | Reached skill level 1 in Short Blades
  3362 | D:3      | Reached XP level 5. HP: 34/34 MP: 6/6
  3699 | D:3      | Noticed Grinder
  3712 | D:3      | Killed Grinder
  3712 | D:3      | Reached XP level 6. HP: 39/41 MP: 7/7
  4053 | D:3      | Found a bloodstained altar of Trog.
  4437 | D:4      | Reached skill level 6 in Crossbows
  4508 | D:4      | HP: 1/41 [iguana (8)]
  4794 | D:4      | Found Nixasouk's Book Boutique.
  5063 | D:4      | Noticed Sigmund
  5094 | D:4      | Slain by Sigmund

Action                   |  1- 3 |  4- 6 || total
-------------------------+-------+-------++-------
Melee: Short sword       |    76 |   146 ||   222
 Fire: Hand crossbow     |    50 |    67 ||   117
Throw: Stone             |       |     1 ||     1
  Use: Scroll            |     1 |     9 ||    10
       Potion            |       |     4 ||     4
  Eat: Chunk             |     2 |     8 ||    10
       Bread ration      |       |     1 ||     1
